TOP OF THE 1ST |
Echo Park Lakers batting - Pitching for Seattle Rocketeers : LHP Dave O'Neil
|
Pitching: LHP Dave O'Neil
|
|
Batting: RHB Ned Lyons
|
0-0: Fly out, F8 (Line Drive, 8LM, EV 106.2 MPH)
|
Batting: LHB Philip Todd
|
0-0: Swinging Strike 0-1: Swinging Strike 0-2: Strikes out swinging
|
Batting: RHB Maema Njongmeta
|
0-0: Swinging Strike 0-1: Ball 1-1: Foul Ball, location: 2F 1-2: Foul Ball, location: 2F 1-2: DOUBLE (Line Drive, 8LXD, EV 106.9 MPH)
|
Batting: RHB Komotay Koffie
|
0-0: Ball 1-0: Ball 2-0: Ball 3-0: Base on Balls
|
Batting: LHB Joe Schreibvogel
|
0-0: Ball 1-0: Fly out, F8 (Flyball, 8RD, EV 94.4 MPH)
|
Top of the 1st over - 0 runs, 1 hit, 0 errors, 2 left on base; Echo Park 0 - Seattle 0 |
BOTTOM OF THE 1ST |
Seattle Rocketeers batting - Pitching for Echo Park Lakers : LHP Luis Díaz
|
Pitching: LHP Luis Díaz
|
|
Batting: RHB Jeff Solís
|
0-0: Swinging Strike 0-1: Ground out 6-3 (Groundball, 6MS, EV 86.9 MPH)
|
Batting: RHB Axel Ruschmeyer
|
0-0: Called Strike 0-1: Ball 1-1: Fly out, F4 (Popup, 4MD, EV 46.2 MPH)
|
Batting: RHB Mathew Mayo
|
0-0: Called Strike 0-1: Swinging Strike 0-2: Foul Ball, location: 2F 0-2: Foul Ball, location: 2F 0-2: Ground out 6-3 (Groundball, 6, EV 83.8 MPH)
|
Bottom of the 1st over - 0 runs, 0 hits, 0 errors, 0 left on base; Echo Park 0 - Seattle 0 |
TOP OF THE 2ND |
Echo Park Lakers batting - Pitching for Seattle Rocketeers : LHP Dave O'Neil
|
Batting: LHB Ramón Torres
|
0-0: Ball 1-0: Called Strike 1-1: Ball 2-1: Ball 3-1: Called Strike 3-2: Fly out, F6 (Flyball, 6MD, EV 94.4 MPH)
|
Batting: LHB Jonathan Winston
|
0-0: Ball 1-0: Foul Ball, location: 2F 1-1: Called Strike 1-2: Ball 2-2: DOUBLE (Flyball, 8LXD, EV 97.5 MPH)
|
Pinch Hitting: RHB Bailey Gribbins
|
0-0: Called Strike 0-1: Foul Ball, location: 2F 0-2: SINGLE (Line Drive, 78M, EV 90.0 MPH) Jonathan Winston to third Runner from 3rd tries for Home, SAFE, throw by CF to home
|
Batting: LHB Cal MacKim
|
0-0: Called Strike 0-1: Ball 1-1: Called Strike 1-2: Strikes out looking
|
Batting: RHB Ned Lyons
|
0-0: Foul Ball, location: 2F 0-1: Foul Ball, location: 2F 0-2: Strikes out swinging
|
Top of the 2nd over - 1 run, 2 hits, 0 errors, 1 left on base; Echo Park 1 - Seattle 0 |
BOTTOM OF THE 2ND |
Seattle Rocketeers batting - Pitching for Echo Park Lakers : LHP Luis Díaz
|
Now at SS: Ger Jobse
|
|
Batting: RHB Alain Grosjean
|
0-0: Ball 1-0: Ball 2-0: Ball 3-0: Fly out, F8 (Line Drive, 8RD, EV 103.1 MPH)
|
Batting: RHB Jur Prokop
|
0-0: DOUBLE (Line Drive, 9LS, EV 98.8 MPH)
|
Batting: RHB Ruby Rhod
|
0-0: Ball Jur Prokop is caught stealing 3rd base 2-5 1-0: Swinging Strike 1-1: Called Strike 1-2: Ball 2-2: Strikes out looking
|
Bottom of the 2nd over - 0 runs, 1 hit, 0 errors, 0 left on base; Echo Park 1 - Seattle 0 |
TOP OF THE 3RD |
Echo Park Lakers batting - Pitching for Seattle Rocketeers : LHP Dave O'Neil
|
Batting: LHB Philip Todd
|
0-0: Foul Ball, location: 2F 0-1: Ball 1-1: SINGLE (Flyball, 8RS, EV 87.5 MPH) - OUT at second base trying to stretch hit.
|
Batting: RHB Maema Njongmeta
|
0-0: Ball 1-0: Called Strike 1-1: Swinging Strike 1-2: SINGLE (Groundball, 56D, EV 104.4 MPH)
|
Batting: RHB Komotay Koffie
|
0-0: Called Strike 0-1: DOUBLE (Line Drive, 89D, EV 100.6 MPH) Maema Njongmeta to third
|
Batting: LHB Joe Schreibvogel
|
0-0: Swinging Strike 0-1: Swinging Strike 0-2: Strikes out looking
|
Batting: LHB Ramón Torres
|
0-0: Ball 1-0: Swinging Strike 1-1: Ball 2-1: Ball 3-1: Swinging Strike 3-2: Foul Ball, location: 2F 3-2: Base on Balls
|
Batting: LHB Jonathan Winston
|
0-0: Called Strike 0-1: Foul Ball, location: 2F 0-2: Foul Ball, location: 2F 0-2: Strikes out swinging
|
Top of the 3rd over - 0 runs, 3 hits, 0 errors, 3 left on base; Echo Park 1 - Seattle 0 |
BOTTOM OF THE 3RD |
Seattle Rocketeers batting - Pitching for Echo Park Lakers : LHP Luis Díaz
|
Batting: SHB Yasuhiko Onishi
|
0-0: Ball 1-0: Called Strike 1-1: Ball 2-1: Ball 3-1: Base on Balls
|
Batting: RHB Yakamochi Ota
|
0-0: Foul Ball, location: 2F 0-1: Grounds into double play, 6-4-3 (Groundball, 6, EV 83.1 MPH)
|
Batting: SHB Lodd Felton
|
0-0: Swinging Strike 0-1: Called Strike 0-2: Ball 1-2: DOUBLE (Flyball, 8RXD, EV 92.5 MPH)
|
Batting: RHB Jeff Solís
|
0-0: Foul Ball, location: 2F 0-1: Called Strike 0-2: Foul Ball, location: 2F 0-2: Ball 1-2: Ball 2-2: Strikes out swinging
|
Bottom of the 3rd over - 0 runs, 1 hit, 0 errors, 1 left on base; Echo Park 1 - Seattle 0 |
TOP OF THE 4TH |
Echo Park Lakers batting - Pitching for Seattle Rocketeers : LHP Dave O'Neil
|
Batting: RHB Ger Jobse
|
0-0: Called Strike 0-1: Foul Ball, location: 2F 0-2: Strikes out looking
|
Batting: LHB Cal MacKim
|
0-0: Foul Ball, location: 2F 0-1: Ball 1-1: Foul Ball, location: 2F 1-2: Strikes out looking
|
Batting: RHB Ned Lyons
|
0-0: Foul Ball, location: 2F 0-1: Ball 1-1: Ball 2-1: Ball 3-1: Base on Balls
|
Batting: LHB Philip Todd
|
0-0: Ball 1-0: Ball 2-0: Foul Ball, location: 2F 2-1: Fly out, F9 (Flyball, 9S, EV 92.5 MPH)
|
Top of the 4th over - 0 runs, 0 hits, 0 errors, 1 left on base; Echo Park 1 - Seattle 0 |
BOTTOM OF THE 4TH |
Seattle Rocketeers batting - Pitching for Echo Park Lakers : LHP Luis Díaz
|
Batting: RHB Axel Ruschmeyer
|
0-0: Ball 1-0: Called Strike 1-1: Ball 2-1: Swinging Strike 2-2: Ball 3-2: Strikes out swinging
|
Batting: RHB Mathew Mayo
|
0-0: Ground out 6-3 (Groundball, 6, EV 101.9 MPH)
|
Batting: RHB Alain Grosjean
|
0-0: Ground out 6-3 (Groundball, 6, EV 88.1 MPH)
|
Bottom of the 4th over - 0 runs, 0 hits, 0 errors, 0 left on base; Echo Park 1 - Seattle 0 |
TOP OF THE 5TH |
Echo Park Lakers batting - Pitching for Seattle Rocketeers : LHP Dave O'Neil
|
Pitching: LHP Dale Hamilton
|
|
Batting: RHB Maema Njongmeta
|
0-0: Ground out 6-3 (Groundball, 6, EV 85.6 MPH)
|
Batting: RHB Komotay Koffie
|
0-0: Called Strike 0-1: Ball 1-1: Ball 2-1: Foul Ball, location: 2F 2-2: Ball 3-2: Ground out 6-3 (Groundball, 6, EV 89.4 MPH)
|
Batting: LHB Joe Schreibvogel
|
0-0: Called Strike 0-1: Ball 1-1: DOUBLE (Line Drive, 89M, EV 96.9 MPH)
|
Batting: LHB Ramón Torres
|
0-0: Ball 1-0: Foul Ball, location: 2F 1-1: Foul Ball, location: 2F 1-2: Ball 2-2: Ball 3-2: Ground out 4-3 (Groundball, 4, EV 105.0 MPH)
|
Top of the 5th over - 0 runs, 1 hit, 0 errors, 1 left on base; Echo Park 1 - Seattle 0 |
BOTTOM OF THE 5TH |
Seattle Rocketeers batting - Pitching for Echo Park Lakers : LHP Luis Díaz
|
Pitching: RHP Francisco Esposo
|
|
Batting: RHB Jur Prokop
|
0-0: Ground out 4-3 (Groundball, 4, EV 98.1 MPH)
|
Batting: RHB Ruby Rhod
|
0-0: Foul Ball, location: 2F 0-1: Called Strike 0-2: Strikes out swinging
|
Batting: SHB Yasuhiko Onishi
|
0-0: Called Strike 0-1: Ball 1-1: DOUBLE (Line Drive, 78XD, EV 96.9 MPH)
|
Batting: RHB Yakamochi Ota
|
0-0: Foul Ball, location: 2F 0-1: Ball 1-1: Ground out 5-3 (Groundball, 56, EV 100.6 MPH)
|
Bottom of the 5th over - 0 runs, 1 hit, 0 errors, 1 left on base; Echo Park 1 - Seattle 0 |
TOP OF THE 6TH |
Echo Park Lakers batting - Pitching for Seattle Rocketeers : LHP Dale Hamilton
|
Batting: LHB Jonathan Winston
|
0-0: Called Strike 0-1: Foul Ball, location: 2F 0-2: Foul Ball, location: 2F 0-2: Ball 1-2: Strikes out swinging
|
Batting: RHB Ger Jobse
|
0-0: Ball 1-0: Called Strike 1-1: Ball 2-1: Ground out 6-3 (Groundball, 6M, EV 86.9 MPH)
|
Batting: LHB Cal MacKim
|
0-0: Called Strike 0-1: Foul Ball, location: 2F 0-2: Strikes out looking
|
Top of the 6th over - 0 runs, 0 hits, 0 errors, 0 left on base; Echo Park 1 - Seattle 0 |
BOTTOM OF THE 6TH |
Seattle Rocketeers batting - Pitching for Echo Park Lakers : RHP Francisco Esposo
|
Batting: SHB Lodd Felton
|
0-0: Ball 1-0: Foul Ball, location: 2F 1-1: Ball 2-1: Ball 3-1: Foul Ball, location: 2F 3-2: Base on Balls
|
Batting: RHB Jeff Solís
|
0-0: Ball 1-0: Sac Bunt to 13S - play at first, batter OUT! 1-4 Lodd Felton to second
|
Batting: RHB Axel Ruschmeyer
|
0-0: Ball 1-0: Swinging Strike 1-1: Called Strike 1-2: Foul Ball, location: 2F 1-2: Fly out, F7 (Flyball, 7LDF, EV 111.2 MPH)
|
Batting: RHB Mathew Mayo
|
0-0: Ball 1-0: Called Strike 1-1: Foul Ball, location: 2F 1-2: Ball 2-2: Ball 3-2: Foul Ball, location: 2F 3-2: Fly out, F6 (Popup, 6MD, EV 55.0 MPH)
|
Bottom of the 6th over - 0 runs, 0 hits, 0 errors, 1 left on base; Echo Park 1 - Seattle 0 |
TOP OF THE 7TH |
Echo Park Lakers batting - Pitching for Seattle Rocketeers : LHP Dale Hamilton
|
Pinch Hitting: LHB Ben Bullock
|
0-0: Foul Ball, location: 2F 0-1: Ball 1-1: Foul Ball, location: 2F 1-2: Ball 2-2: Ball 3-2: Strikes out swinging
|
Pinch Hitting: LHB Armando Viña
|
0-0: Called Strike 0-1: Foul Ball, location: 2F 0-2: Strikes out swinging
|
Batting: RHB Maema Njongmeta
|
0-0: Ground out 1-3 (Groundball, 13S, EV 64.4 MPH)
|
Top of the 7th over - 0 runs, 0 hits, 0 errors, 0 left on base; Echo Park 1 - Seattle 0 |
BOTTOM OF THE 7TH |
Seattle Rocketeers batting - Pitching for Echo Park Lakers : RHP Francisco Esposo
|
Now in LF: Armando Viña
|
|
Now in CF: Ben Bullock
|
|
Batting: RHB Alain Grosjean
|
0-0: SINGLE (Groundball, 6D, EV 98.8 MPH)
|
Batting: RHB Jur Prokop
|
0-0: Ball 1-0: Swinging Strike 1-1: Foul Ball, location: 2F 1-2: Strikes out swinging
|
Pitching: RHP Chun-mei Bao
|
|
Pinch Hitting: LHB Manoo Satyavrat
|
0-0: Swinging Strike 0-1: Foul Ball, location: 2F 0-2: Ball 1-2: Strikes out swinging
|
Batting: SHB Yasuhiko Onishi
|
0-0: Ground out 4-3 (Groundball, 4, EV 88.8 MPH)
|
Bottom of the 7th over - 0 runs, 1 hit, 0 errors, 1 left on base; Echo Park 1 - Seattle 0 |
TOP OF THE 8TH |
Echo Park Lakers batting - Pitching for Seattle Rocketeers : LHP Dale Hamilton
|
Now in LF: Manoo Satyavrat
|
|
Batting: RHB Ryoma Yamamoto
|
0-0: Ground out U3 (Groundball, 3S, EV 82.5 MPH)
|
Batting: LHB Joe Schreibvogel
|
0-0: Swinging Strike 0-1: Foul Ball, location: 2F 0-2: Fly out, F9 (Flyball, 89D, EV 106.9 MPH)
|
Pinch Hitting: LHB Jon Kelly
|
0-0: Called Strike 0-1: Ball 1-1: Called Strike 1-2: Strikes out swinging
|
Top of the 8th over - 0 runs, 0 hits, 0 errors, 0 left on base; Echo Park 1 - Seattle 0 |
BOTTOM OF THE 8TH |
Seattle Rocketeers batting - Pitching for Echo Park Lakers : RHP Chun-mei Bao
|
Now at SS: Jon Kelly
|
|
Batting: RHB Yakamochi Ota
|
0-0: Ball 1-0: Foul Ball, location: 2F 1-1: Ball 2-1: Called Strike 2-2: Ball 3-2: Base on Balls
|
Batting: SHB Lodd Felton
|
0-0: Sac Bunt to 2R - play at first, batter OUT! 2-4 Yakamochi Ota to second
|
Pinch Hitting: RHB Mike Case
|
0-0: Hit by Pitch
|
Pinch Hitting: SHB Ben Boston
|
0-0: Called Strike 0-1: Ball 1-1: Foul Ball, location: 2F 1-2: Fielders Choice at 2nd, 4-6 (Groundball, 4M, EV 106.2 MPH) Yakamochi Ota to third
|
Batting: RHB Bras Castanheta
|
0-0: Ball 1-0: Swinging Strike 1-1: Foul Ball, location: 2F 1-2: Strikes out swinging
|
Bottom of the 8th over - 0 runs, 0 hits, 0 errors, 2 left on base; Echo Park 1 - Seattle 0 |
TOP OF THE 9TH |
Echo Park Lakers batting - Pitching for Seattle Rocketeers : LHP Dale Hamilton
|
Now at 1B: Mike Case
|
|
Now at SS: Ben Boston
|
|
Pinch Hitting: RHB Rick Pawlowicz
|
0-0: Ball 1-0: Ball 2-0: Swinging Strike 2-1: Ball 3-1: Foul Ball, location: 2F 3-2: Foul Ball, location: 2F 3-2: Base on Balls
|
Pitching: RHP Gregory Powers
|
|
Batting: RHB Ger Jobse
|
0-0: Swinging Strike 0-1: Called Strike 0-2: Strikes out swinging
|
Batting: LHB Cal MacKim
|
0-0: Ball 1-0: SINGLE (Groundball, 34, EV 103.1 MPH) Rick Pawlowicz to second Runner from 2nd tries for 3rd, SAFE, no throw by RF
|
Batting: LHB Ben Bullock
|
0-0: Ball 1-0: Grounds into double play, 4-6-3 (Groundball, 4, EV 90.6 MPH)
|
Top of the 9th over - 0 runs, 1 hit, 0 errors, 1 left on base; Echo Park 1 - Seattle 0 |
BOTTOM OF THE 9TH |
Seattle Rocketeers batting - Pitching for Echo Park Lakers : RHP Chun-mei Bao
|
Pitching: RHP Bungay Osiman
|
|
Now at 3B: Rick Pawlowicz
|
|
Pinch Hitting: RHB Guy Toussaint
|
0-0: Ground out 4-3 (Groundball, 4, EV 115.0 MPH)
|
Batting: RHB Jur Prokop
|
0-0: Called Strike 0-1: Foul Ball, location: 2F 0-2: Ball 1-2: Fly out, F5 (Popup, 5SF, EV 85.0 MPH)
|
Batting: LHB Manoo Satyavrat
|
0-0: Ball 1-0: SOLO HOME RUN (Flyball, 78XD, EV 105.0 MPH), Distance : 423 ft
|
Pinch Hitting: LHB Carlos Gabriel
|
0-0: Fly out, F8 (Flyball, 8RD, EV 100.6 MPH)
|
Bottom of the 9th over - 1 run, 1 hit, 0 errors, 0 left on base; Echo Park 1 - Seattle 1 |
TOP OF THE 10TH |
Echo Park Lakers batting - Pitching for Seattle Rocketeers : RHP Gregory Powers
|
Pitching: RHP Min-chor Chon
|
|
Now at C: Carlos Gabriel
|
|
Now at 2B: Guy Toussaint
|
|
Batting: LHB Armando Viña
|
0-0: Ball 1-0: Swinging Strike 1-1: Ball 2-1: Ball 3-1: Called Strike 3-2: Fly out, F6 (Popup, 6D, EV 71.2 MPH)
|
Pinch Hitting: RHB Omer van de Linde
|
0-0: Called Strike 0-1: Foul Ball, location: 2F 0-2: Ground out 5-3 (Groundball, 56, EV 87.5 MPH)
|
Batting: RHB Ryoma Yamamoto
|
0-0: Ground out 4-3 (Groundball, 4, EV 105.6 MPH)
|
Top of the 10th over - 0 runs, 0 hits, 0 errors, 0 left on base; Echo Park 1 - Seattle 1 |
BOTTOM OF THE 10TH |
Seattle Rocketeers batting - Pitching for Echo Park Lakers : RHP Bungay Osiman
|
Now at C: Doug Page
|
|
Pinch Hitting: LHB Seung-jae Kyong
|
0-0: Called Strike 0-1: Foul Ball, location: 2F 0-2: Ball 1-2: Ground out 6-3 (Groundball, 56, EV 104.4 MPH)
|
Batting: SHB Lodd Felton
|
0-0: Foul Ball, location: 2F 0-1: Swinging Strike 0-2: Ball 1-2: Ball 2-2: Foul Ball, location: 2F 2-2: Ground out U3 (Groundball, 3L, EV 85.6 MPH)
|
Batting: RHB Mike Case
|
0-0: Swinging Strike 0-1: Called Strike 0-2: Ball 1-2: Foul Ball, location: 2F 1-2: SINGLE (Groundball, 56, EV 101.2 MPH) (infield hit)
|
Batting: SHB Ben Boston
|
0-0: Ball 1-0: Ground out U3 (Groundball, 3, EV 85.0 MPH)
|
Bottom of the 10th over - 0 runs, 1 hit, 0 errors, 1 left on base; Echo Park 1 - Seattle 1 |
TOP OF THE 11TH |
Echo Park Lakers batting - Pitching for Seattle Rocketeers : RHP Min-chor Chon
|
Now at SS: Seung-jae Kyong
|
|
Batting: LHB Joe Schreibvogel
|
0-0: Ball 1-0: Ground out 4-3 (Groundball, 4MS, EV 91.9 MPH)
|
Batting: LHB Jon Kelly
|
0-0: Ball 1-0: Foul Ball, location: 2F 1-1: Ball 2-1: Called Strike 2-2: Foul Ball, location: 2F 2-2: Foul Ball, location: 2F 2-2: Strikes out swinging
|
Batting: RHB Rick Pawlowicz
|
0-0: Ball 1-0: Ball 2-0: Swinging Strike 2-1: Called Strike 2-2: Ball 3-2: Base on Balls
|
Batting: RHB Ger Jobse
|
0-0: Ball 1-0: Called Strike 1-1: Foul Ball, location: 2F 1-2: Ball 2-2: Ball 3-2: Strikes out swinging
|
Top of the 11th over - 0 runs, 0 hits, 0 errors, 1 left on base; Echo Park 1 - Seattle 1 |
BOTTOM OF THE 11TH |
Seattle Rocketeers batting - Pitching for Echo Park Lakers : RHP Bungay Osiman
|
Pitching: RHP Karl Dandleton
|
|
Batting: RHB Bras Castanheta
|
0-0: Foul Ball, location: 2F 0-1: Ball 1-1: Ball 2-1: Called Strike 2-2: Ball 3-2: Fly out, F9 (Line Drive, 9D, EV 89.4 MPH)
|
Batting: RHB Guy Toussaint
|
0-0: Called Strike 0-1: Foul Ball, location: 2F 0-2: Strikes out swinging
|
Batting: RHB Jur Prokop
|
0-0: Ball 1-0: Foul Ball, location: 2F 1-1: Ball 2-1: Fly out, F2 (Popup, 15S, EV 90.0 MPH)
|
Bottom of the 11th over - 0 runs, 0 hits, 0 errors, 0 left on base; Echo Park 1 - Seattle 1 |
TOP OF THE 12TH |
Echo Park Lakers batting - Pitching for Seattle Rocketeers : RHP Min-chor Chon
|
Pitching: LHP Hermenegildo Beliago
|
|
Batting: LHB Cal MacKim
|
0-0: Called Strike 0-1: Ground out 6-3 (Groundball, 6S, EV 84.4 MPH)
|
Batting: LHB Ben Bullock
|
0-0: Foul Ball, location: 2F 0-1: Ball 1-1: Ball 2-1: Ground out 1-3 (Groundball, P, EV 77.5 MPH)
|
Batting: LHB Armando Viña
|
0-0: Ball 1-0: Ball 2-0: Fly out, F9 (Flyball, 89D, EV 102.5 MPH)
|
Top of the 12th over - 0 runs, 0 hits, 0 errors, 0 left on base; Echo Park 1 - Seattle 1 |
BOTTOM OF THE 12TH |
Seattle Rocketeers batting - Pitching for Echo Park Lakers : RHP Karl Dandleton
|
Batting: LHB Manoo Satyavrat
|
0-0: Ball 1-0: Ball 2-0: Swinging Strike 2-1: Foul Ball, location: 2F 2-2: Strikes out swinging
|
Batting: LHB Carlos Gabriel
|
0-0: Ball 1-0: Ground out 2-3 (Groundball, 13S, EV 67.5 MPH)
|
Batting: LHB Seung-jae Kyong
|
0-0: Ball 1-0: Ground out 1-3 (Groundball, 34S, EV 63.1 MPH)
|
Bottom of the 12th over - 0 runs, 0 hits, 0 errors, 0 left on base; Echo Park 1 - Seattle 1 |
TOP OF THE 13TH |
Echo Park Lakers batting - Pitching for Seattle Rocketeers : LHP Hermenegildo Beliago
|
Batting: RHB Doug Page
|
0-0: Swinging Strike 0-1: Ball 1-1: Called Strike 1-2: Ball 2-2: Strikes out swinging
|
Batting: RHB Ryoma Yamamoto
|
0-0: Swinging Strike 0-1: Ball 1-1: Called Strike 1-2: Fly out, F7 (Flyball, 7S, EV 81.2 MPH)
|
Batting: LHB Joe Schreibvogel
|
0-0: Ball 1-0: Called Strike 1-1: Ball 2-1: Ball 3-1: Base on Balls
|
Batting: LHB Jon Kelly
|
0-0: SINGLE (Flyball, 78M, EV 88.1 MPH) Joe Schreibvogel to second
|
Batting: RHB Rick Pawlowicz
|
0-0: Swinging Strike 0-1: Ball 1-1: Foul Ball, location: 2F 1-2: Strikes out swinging
|
Top of the 13th over - 0 runs, 1 hit, 0 errors, 2 left on base; Echo Park 1 - Seattle 1 |
BOTTOM OF THE 13TH |
Seattle Rocketeers batting - Pitching for Echo Park Lakers : RHP Karl Dandleton
|
Batting: SHB Lodd Felton
|
0-0: Ball 1-0: Foul Ball, location: 2F 1-1: Fly out, F8 (Flyball, 78M, EV 80.6 MPH)
|
Batting: RHB Mike Case
|
0-0: Foul Ball, location: 2F 0-1: DOUBLE (Line Drive, 89D, EV 111.9 MPH)
|
Pitching: LHP Onson Sweemey
|
|
Batting: SHB Ben Boston
|
0-0: Ball 1-0: Ball 2-0: Foul Ball, location: 2F 2-1: Fly out, F7 (Flyball, 7, EV 91.9 MPH)
|
Batting: RHB Bras Castanheta
|
0-0: Intentional Walk
|
Batting: RHB Guy Toussaint
|
0-0: Ball 1-0: Foul Ball, location: 2F 1-1: Swinging Strike 1-2: Ball 2-2: Ball 3-2: Base on Balls Mike Case to third Bras Castanheta to second
|
Batting: RHB Jur Prokop
|
0-0: Ground out U3 (Groundball, 34S, EV 71.9 MPH)
|
Bottom of the 13th over - 0 runs, 1 hit, 0 errors, 3 left on base; Echo Park 1 - Seattle 1 |
TOP OF THE 14TH |
Echo Park Lakers batting - Pitching for Seattle Rocketeers : LHP Hermenegildo Beliago
|
Pitching: RHP Dong-hua Hao
|
|
Batting: RHB Ger Jobse
|
0-0: Ball 1-0: Ground out 1-3 (Groundball, P, EV 83.8 MPH)
|
Batting: LHB Cal MacKim
|
0-0: Ground out 4-3 (Groundball, 4, EV 80.6 MPH)
|
Batting: LHB Ben Bullock
|
0-0: Foul Ball, location: 2F 0-1: Foul Ball, location: 2F 0-2: Strikes out swinging
|
Top of the 14th over - 0 runs, 0 hits, 0 errors, 0 left on base; Echo Park 1 - Seattle 1 |
BOTTOM OF THE 14TH |
Seattle Rocketeers batting - Pitching for Echo Park Lakers : LHP Onson Sweemey
|
Batting: LHB Manoo Satyavrat
|
0-0: Ball 1-0: Ball 2-0: Ball 3-0: Called Strike 3-1: Called Strike 3-2: Foul Ball, location: 2F 3-2: Strikes out swinging
|
Batting: LHB Carlos Gabriel
|
0-0: Ball 1-0: Called Strike 1-1: Ball 2-1: Ground out 4-3 (Groundball, 34D, EV 96.2 MPH)
|
Batting: LHB Seung-jae Kyong
|
0-0: Called Strike 0-1: Foul Ball, location: 2F 0-2: Ball 1-2: Fly out, F9 (Flyball, 9, EV 82.5 MPH)
|
Bottom of the 14th over - 0 runs, 0 hits, 0 errors, 0 left on base; Echo Park 1 - Seattle 1 |
TOP OF THE 15TH |
Echo Park Lakers batting - Pitching for Seattle Rocketeers : RHP Dong-hua Hao
|
Batting: LHB Armando Viña
|
0-0: Fly out, F7 (Flyball, 78S, EV 79.4 MPH)
|
Batting: RHB Doug Page
|
0-0: Ball 1-0: SINGLE (Groundball, 56D, EV 99.4 MPH)
|
Batting: SHB Akihiko Fujii
|
0-0: Fly out, F4 (Popup, 4D, EV 55.0 MPH)
|
Batting: LHB Joe Schreibvogel
|
0-0: Fly out, F9 (Flyball, 9LMF, EV 90.6 MPH)
|
Top of the 15th over - 0 runs, 1 hit, 0 errors, 1 left on base; Echo Park 1 - Seattle 1 |
BOTTOM OF THE 15TH |
Seattle Rocketeers batting - Pitching for Echo Park Lakers : LHP Onson Sweemey
|
Batting: SHB Lodd Felton
|
0-0: Called Strike 0-1: Ball 1-1: Swinging Strike 1-2: Ball 2-2: Foul Ball, location: 2F 2-2: Ground out 5-3 (Groundball, 56, EV 105.6 MPH)
|
Pinch Hitting: SHB Charles Geudre
|
0-0: Fly out, F1 (Line Drive, P, EV 70.6 MPH)
|
Batting: SHB Ben Boston
|
0-0: Ball 1-0: Ball 2-0: Ball 3-0: Called Strike 3-1: Base on Balls
|
Pitching: RHP Craig Wash
|
|
Batting: RHB Bras Castanheta
|
0-0: Fly out, F5 (Line Drive, 5, EV 70.6 MPH)
|
Bottom of the 15th over - 0 runs, 0 hits, 0 errors, 1 left on base; Echo Park 1 - Seattle 1 |
TOP OF THE 16TH |
Echo Park Lakers batting - Pitching for Seattle Rocketeers : RHP Dong-hua Hao
|
Now at 1B: Charles Geudre
|
|
Batting: LHB Jon Kelly
|
0-0: Foul Ball, location: 2F 0-1: Foul Ball, location: 2F 0-2: Ball 1-2: Strikes out looking
|
Batting: RHB Rick Pawlowicz
|
0-0: Called Strike 0-1: Ball 1-1: Swinging Strike 1-2: Strikes out swinging
|
Batting: RHB Ger Jobse
|
0-0: Ball 1-0: Ground out 1-3 (Groundball, 25, EV 69.4 MPH)
|
Top of the 16th over - 0 runs, 0 hits, 0 errors, 0 left on base; Echo Park 1 - Seattle 1 |
BOTTOM OF THE 16TH |
Seattle Rocketeers batting - Pitching for Echo Park Lakers : RHP Craig Wash
|
Batting: RHB Guy Toussaint
|
0-0: Ball 1-0: Fly out, F9 (Flyball, 9LM, EV 93.8 MPH)
|
Batting: RHB Jur Prokop
|
0-0: Called Strike 0-1: Swinging Strike 0-2: Strikes out swinging
|
Batting: LHB Manoo Satyavrat
|
0-0: Ball 1-0: Ball 2-0: Ball 3-0: Called Strike 3-1: Base on Balls
|
Batting: LHB Carlos Gabriel
|
0-0: Called Strike 0-1: Foul Ball, location: 2F 0-2: Ball 1-2: SINGLE (Flyball, 89S, EV 90.0 MPH) Manoo Satyavrat to second Runner from 2nd tries for 3rd, SAFE, no throw by RF
|
Batting: LHB Seung-jae Kyong
|
0-0: Ball 1-0: Foul Ball, location: 2F 1-1: Fly out, F7 (Flyball, 78M, EV 85.6 MPH)
|
Bottom of the 16th over - 0 runs, 1 hit, 0 errors, 2 left on base; Echo Park 1 - Seattle 1 |
TOP OF THE 17TH |
Echo Park Lakers batting - Pitching for Seattle Rocketeers : RHP Dong-hua Hao
|
Pitching: RHP Ken Richmond
|
|
Batting: LHB Cal MacKim
|
0-0: Ball 1-0: Ball 2-0: Fly out, F8 (Line Drive, 8LD, EV 108.1 MPH)
|
Batting: LHB Ben Bullock
|
0-0: Called Strike 0-1: Ball 1-1: Ball 2-1: DOUBLE (Flyball, 8RD, EV 88.8 MPH)
|
Batting: LHB Armando Viña
|
0-0: Foul Ball, location: 2F 0-1: Called Strike 0-2: Ball 1-2: Ball 2-2: Foul Ball, location: 2F 2-2: Ball Wild Pitch! Ben Bullock to third 3-2: SINGLE (Groundball, 3, EV 78.8 MPH) (infield hit) Ben Bullock scores
|
Batting: RHB Doug Page
|
0-0: Reached on error, E6 (Groundball, 6, EV 90.0 MPH) Armando Viña to second
|
Batting: SHB Akihiko Fujii
|
0-0: Called Strike Armando Viña steals 3rd base 0-1: Foul Ball, location: 2F 0-2: Strikes out swinging
|
Batting: LHB Joe Schreibvogel
|
0-0: Ball 1-0: Foul Ball, location: 2F 1-1: Fly out, F5 (Popup, 5SF, EV 80.6 MPH)
|
Top of the 17th over - 1 run, 2 hits, 1 error, 2 left on base; Echo Park 2 - Seattle 1 |
BOTTOM OF THE 17TH |
Seattle Rocketeers batting - Pitching for Echo Park Lakers : RHP Craig Wash
|
Batting: SHB Lodd Felton
|
0-0: Ball 1-0: Ball 2-0: Called Strike 2-1: Ball 3-1: Base on Balls
|
Batting: SHB Charles Geudre
|
0-0: Ball 1-0: Sac Bunt to 23 - play at first, batter OUT! 3-4 Lodd Felton to second
|
Pitching: LHP Abdul-Nasir Rabah
|
|
Batting: SHB Ben Boston
|
0-0: Ball 1-0: Ball 2-0: Called Strike 2-1: Ball 3-1: Ground out 5-3 (Groundball, 5, EV 99.4 MPH)
|
Batting: RHB Bras Castanheta
|
0-0: Swinging Strike 0-1: Ball 1-1: Foul Ball, location: 2F 1-2: Ground out 6-3 (Groundball, 6, EV 100.6 MPH)
|
Bottom of the 17th over - 0 runs, 0 hits, 0 errors, 1 left on base; Echo Park 2 - Seattle 1 |
|